SL
NORTHERN VIRGINIA RETRIEVERS @ GRAFTON MIDDIES
09/01/2023
 
TOP OF THE 1ST
Northern Virginia Retrievers batting - Pitching for Grafton Middies : RHP Orlando De Jesús
Pitching: RHP Orlando De Jesús
Batting: LHB Roberto Salazar 0-0: Ground out 5-3 (Groundball, 56S)
Batting: LHB Chad Armstrong 0-0: Swinging Strike
0-1: Foul Ball, location: 2F
0-2: Ball
1-2: Strikes out swinging
Batting: RHB Teruo Nakayama 0-0: SINGLE (Groundball, 56)
Batting: RHB Bob Heller 0-0: Called Strike
0-1: Ball
1-1: Ball
2-1: Swinging Strike
2-2: Foul Ball, location: 2F
2-2: Ball
3-2: Base on Balls
Teruo Nakayama to second
Batting: LHB Bartolo Benítez 0-0: Called Strike
0-1: Called Strike
0-2: Strikes out swinging
Top of the 1st over - 0 run(s), 1 hit(s), 0 error(s), 2 left on base; Northern Virginia 0 - Grafton 0
BOTTOM OF THE 1ST
Grafton Middies batting - Pitching for Northern Virginia Retrievers : LHP Joe Kehoe
Pitching: LHP Joe Kehoe
Batting: SHB Curt Finley 0-0: Ball
1-0: Ground out 4-3 (Groundball, 4)
Batting: RHB Scotty Anderson 0-0: Ball
1-0: Swinging Strike
1-1: Ball
2-1: Ground out 5-3 (Groundball, 5L)
Batting: LHB Mario Ramos 0-0: Ball
1-0: SINGLE (Groundball, 34D)
Batting: RHB Stefano Gaddi 0-0: Ball
1-0: Ground out 6-3 (Groundball, 6)
Bottom of the 1st over - 0 run(s), 1 hit(s), 0 error(s), 1 left on base; Northern Virginia 0 - Grafton 0
TOP OF THE 2ND
Northern Virginia Retrievers batting - Pitching for Grafton Middies : RHP Orlando De Jesús
Batting: LHB Munemori Ohara 0-0: Ball
1-0: SINGLE (Line Drive, 4MD)
Batting: LHB Wayne Akers 0-0: Ball
1-0: Ball
2-0: Called Strike
2-1: Ball
3-1: Base on Balls
Munemori Ohara to second
Batting: SHB Gustavo Fuentes 0-0: Ball
Munemori Ohara steals 3rd base
Wayne Akers to second
1-0: Reached on error, E3 (Groundball, 34S)
Munemori Ohara scores
Wayne Akers scores
Batting: RHB Eddie O'Bryan 0-0: Swinging Strike
0-1: Ball
1-1: Ball
2-1: Foul Ball, location: 2F
2-2: Ground out 4-3 (Groundball, 4)
Gustavo Fuentes to third
Batting: LHB Roberto Salazar 0-0: Fly out, F8 (Flyball, 8RM)
Runner from 3rd tags up, SCORES, throw made
Batting: LHB Chad Armstrong 0-0: Foul Ball, location: 2F
0-1: Ball
1-1: Swinging Strike
1-2: Strikes out swinging
Top of the 2nd over - 3 run(s), 1 hit(s), 1 error(s), 0 left on base; Northern Virginia 3 - Grafton 0
BOTTOM OF THE 2ND
Grafton Middies batting - Pitching for Northern Virginia Retrievers : LHP Joe Kehoe
Batting: RHB Mark Davis 0-0: Ground out 6-3 (Groundball, 6M)
Batting: RHB Pedro Santos 0-0: Foul Ball, location: 2F
0-1: Ground out 5-3 (Groundball, 56)
Batting: RHB Wes Bradley 0-0: Ball
1-0: Called Strike
1-1: Ball
2-1: SINGLE (Line Drive, 8RS)
Batting: RHB Nathan Boswell 0-0: Ball
1-0: Foul Ball, location: 2F
1-1: Fly out, F8 (Line Drive, 8RM)
Bottom of the 2nd over - 0 run(s), 1 hit(s), 0 error(s), 1 left on base; Northern Virginia 3 - Grafton 0
TOP OF THE 3RD
Northern Virginia Retrievers batting - Pitching for Grafton Middies : RHP Orlando De Jesús
Batting: RHB Teruo Nakayama 0-0: Ball
1-0: Ball
2-0: Foul Ball, location: 2F
2-1: SINGLE (Groundball, 25) (infield hit)
Batting: RHB Bob Heller 0-0: Ball
1-0: Called Strike
1-1: Fielders Choice at 2nd, 6-4 (Groundball, 6)
Batting: LHB Bartolo Benítez 0-0: Grounds into double play, U4-3 (Groundball, 4)
Top of the 3rd over - 0 run(s), 1 hit(s), 0 error(s), 0 left on base; Northern Virginia 3 - Grafton 0
BOTTOM OF THE 3RD
Grafton Middies batting - Pitching for Northern Virginia Retrievers : LHP Joe Kehoe
Batting: RHB Justin Bingham 0-0: Foul Ball, location: 2F
0-1: Fly out, F9 (Line Drive, 89M)
Batting: SHB Curt Finley 0-0: Ball
1-0: Foul Ball, location: 2F
1-1: Ball
2-1: Called Strike
2-2: Ball
3-2: SINGLE (Line Drive, 89S)
Batting: RHB Scotty Anderson 0-0: Foul Ball, location: 2F
0-1: Ball
1-1: Ball
2-1: Ball
3-1: Called Strike
3-2: SINGLE (Line Drive, 8LS)
Curt Finley to second
Batting: LHB Mario Ramos 0-0: Ball
1-0: Foul Ball, location: 2F
1-1: Ball
2-1: Ball
3-1: Foul Ball, location: 2F
3-2: Base on Balls
Curt Finley to third
Scotty Anderson to second
Batting: RHB Stefano Gaddi 0-0: Ball
1-0: Fly out, F8 (Flyball, 8LD)
Runner from 3rd tags up, SCORES, no throw
Batting: RHB Mark Davis 0-0: Fielders Choice at 2nd, 5-4 (Groundball, 5)
Bottom of the 3rd over - 1 run(s), 2 hit(s), 0 error(s), 1 left on base; Northern Virginia 3 - Grafton 1
TOP OF THE 4TH
Northern Virginia Retrievers batting - Pitching for Grafton Middies : RHP Orlando De Jesús
Batting: LHB Munemori Ohara 0-0: Swinging Strike
0-1: Foul Ball, location: 2F
0-2: Foul Ball, location: 2F
0-2: Strikes out swinging
Batting: LHB Wayne Akers 0-0: Ball
1-0: Called Strike
1-1: Swinging Strike
1-2: Ball
2-2: Ball
3-2: Fly out, F6 (Popup, 6D)
Batting: SHB Gustavo Fuentes 0-0: SINGLE (Flyball, 89S)
Batting: RHB Eddie O'Bryan 0-0: Ball
1-0: Ball
2-0: Called Strike
2-1: Ball
3-1: Swinging Strike
3-2: Base on Balls
Gustavo Fuentes to second
Batting: LHB Roberto Salazar 0-0: Foul Ball, location: 2F
0-1: Swinging Strike
0-2: Fielders Choice at 2nd, U6 (Groundball, 6M)
Top of the 4th over - 0 run(s), 1 hit(s), 0 error(s), 2 left on base; Northern Virginia 3 - Grafton 1
BOTTOM OF THE 4TH
Grafton Middies batting - Pitching for Northern Virginia Retrievers : LHP Joe Kehoe
Batting: RHB Pedro Santos 0-0: Called Strike
0-1: Ball
1-1: Ball
2-1: Ground out 5-3 (Groundball, 5L)
Batting: RHB Wes Bradley 0-0: Foul Ball, location: 2F
0-1: Ball
1-1: Called Strike
1-2: Foul Ball, location: 2F
1-2: Strikes out looking
Batting: RHB Nathan Boswell 0-0: Called Strike
0-1: Ball
1-1: Ball
2-1: Ball
3-1: Base on Balls
Batting: RHB Justin Bingham 0-0: Called Strike
0-1: Ball
1-1: Ball
2-1: Ball
3-1: Foul Ball, location: 2F
3-2: DOUBLE (Line Drive, 5D)
Nathan Boswell to third
Nathan Boswell scores
Batting: SHB Curt Finley 0-0: Ground out 6-3 (Groundball, 6)
Bottom of the 4th over - 1 run(s), 1 hit(s), 0 error(s), 1 left on base; Northern Virginia 3 - Grafton 2
TOP OF THE 5TH
Northern Virginia Retrievers batting - Pitching for Grafton Middies : RHP Orlando De Jesús
Batting: LHB Chad Armstrong 0-0: Ball
1-0: Ball
2-0: Called Strike
2-1: Swinging Strike
2-2: Ball
3-2: SINGLE (Groundball, 4M)
Batting: RHB Teruo Nakayama 0-0: Foul Ball, location: 2F
0-1: Foul Ball, location: 2F
0-2: Ball
1-2: Strikes out swinging
Batting: RHB Bob Heller 0-0: Ball
1-0: Called Strike
1-1: Ball
2-1: Foul Ball, location: 2F
2-2: Ball
3-2: Fly out, F7 (Line Drive, 7LM)
Batting: LHB Bartolo Benítez 0-0: SINGLE (Line Drive, 7S)
Chad Armstrong to second
Batting: LHB Munemori Ohara 0-0: Foul Ball, location: 2F
0-1: Ball
1-1: Ball
2-1: Fielders Choice at 2nd, U4 (Groundball, 4M)
Top of the 5th over - 0 run(s), 2 hit(s), 0 error(s), 2 left on base; Northern Virginia 3 - Grafton 2
BOTTOM OF THE 5TH
Grafton Middies batting - Pitching for Northern Virginia Retrievers : LHP Joe Kehoe
Batting: RHB Scotty Anderson 0-0: Ground out 6-3 (Groundball, 6)
Batting: LHB Mario Ramos 0-0: Swinging Strike
0-1: SINGLE (Groundball, 34D)
Batting: RHB Stefano Gaddi 0-0: Called Strike
0-1: Ball
1-1: Ball
2-1: Foul Ball, location: 2F
2-2: SINGLE (Line Drive, 4M)
Mario Ramos to second
Batting: RHB Mark Davis 0-0: Foul Ball, location: 2F
0-1: Ground out 5-3 (Groundball, 56S)
Mario Ramos to third
Stefano Gaddi to second
Batting: RHB Pedro Santos 0-0: Ball
1-0: Fly out, F8 (Line Drive, 8RS)
Bottom of the 5th over - 0 run(s), 2 hit(s), 0 error(s), 2 left on base; Northern Virginia 3 - Grafton 2
TOP OF THE 6TH
Northern Virginia Retrievers batting - Pitching for Grafton Middies : RHP Orlando De Jesús
Batting: LHB Wayne Akers 0-0: Ball
1-0: Ball
2-0: Fly out, F5 (Popup, 5SF)
Batting: SHB Gustavo Fuentes 0-0: DOUBLE (Flyball, 78XD)
Batting: RHB Eddie O'Bryan 0-0: Ball
1-0: Called Strike
1-1: Ground out 6-3 (Groundball, 6)
Batting: LHB Roberto Salazar 0-0: Foul Ball, location: 2F
0-1: Called Strike
0-2: Fly out, F8 (Flyball, 8LM)
Top of the 6th over - 0 run(s), 1 hit(s), 0 error(s), 1 left on base; Northern Virginia 3 - Grafton 2
BOTTOM OF THE 6TH
Grafton Middies batting - Pitching for Northern Virginia Retrievers : LHP Joe Kehoe
Batting: RHB Wes Bradley 0-0: Called Strike
0-1: Ball
1-1: Ball
2-1: Ball
3-1: Ground out 6-3 (Groundball, 6M)
Pitching: RHP Jim Dixon
Batting: RHB Nathan Boswell 0-0: Ground out 5-3 (Groundball, 56)
Pitching: LHP Edison Larson
Batting: RHB Justin Bingham 0-0: Ball
1-0: SOLO HOME RUN (Flyball, 7D), Distance : 390 ft
Batting: SHB Curt Finley 0-0: Bunt for hit - play at first, batter safe!
Batting: RHB Scotty Anderson 0-0: Ball
1-0: Called Strike
1-1: Ball
2-1: Foul Ball, location: 2F
2-2: Foul Ball, location: 2F
2-2: Foul Ball, location: 2F
2-2: Ball
3-2: Foul Ball, location: 2F
3-2: Strikes out swinging
Bottom of the 6th over - 1 run(s), 2 hit(s), 0 error(s), 1 left on base; Northern Virginia 3 - Grafton 3
TOP OF THE 7TH
Northern Virginia Retrievers batting - Pitching for Grafton Middies : RHP Orlando De Jesús
Batting: LHB Chad Armstrong 0-0: Ball
1-0: Called Strike
1-1: Fly out, F8 (Flyball, 8LXD)
Batting: RHB Teruo Nakayama 0-0: Ball
1-0: Called Strike
1-1: Called Strike
1-2: Foul Ball, location: 2F
1-2: Strikes out swinging
Batting: RHB Bob Heller 0-0: Called Strike
0-1: Foul Ball, location: 2F
0-2: Ball
1-2: Ball
2-2: Fly out, F4 (Popup, 4D)
Top of the 7th over - 0 run(s), 0 hit(s), 0 error(s), 0 left on base; Northern Virginia 3 - Grafton 3
BOTTOM OF THE 7TH
Grafton Middies batting - Pitching for Northern Virginia Retrievers : LHP Edison Larson
Batting: LHB Mario Ramos 0-0: Called Strike
0-1: Ball
1-1: Foul Ball, location: 2F
1-2: Strikes out looking
Batting: RHB Stefano Gaddi 0-0: Ball
1-0: Ground out 1-3 (Groundball, 13)
Batting: RHB Mark Davis 0-0: Ball
1-0: Foul Ball, location: 2F
1-1: Foul Ball, location: 2F
1-2: Ball
2-2: Foul Ball, location: 2F
2-2: Ground out 5-3 (Groundball, 56)
Bottom of the 7th over - 0 run(s), 0 hit(s), 0 error(s), 0 left on base; Northern Virginia 3 - Grafton 3
TOP OF THE 8TH
Northern Virginia Retrievers batting - Pitching for Grafton Middies : RHP Orlando De Jesús
Batting: LHB Bartolo Benítez 0-0: Swinging Strike
0-1: Foul Ball, location: 2F
0-2: Ball
1-2: Ball
2-2: Ball
3-2: SINGLE (Line Drive, 9S)
Pitching: RHP Frank Morse
Pinch Runner at 1st Luis Rodríguez:
Batting: LHB Munemori Ohara
Pinch Hitting: SHB Ramiro Salazar 0-0: Ball
1-0: Called Strike
Passed Ball!
Luis Rodríguez to second
1-1: Intentional Walk
Batting: LHB Wayne Akers 0-0: Sac Bunt - play at first, batter OUT! 1-4
Luis Rodríguez to third
Ramiro Salazar to second
Pinch Hitting: LHB Francisco Ornelas 0-0: Intentional Walk
Pinch Hitting: RHB Donald Thompson 0-0: Ball
1-0: Foul Ball, location: 2F
1-1: Ball
2-1: Grounds into double play, 5-4-3 (Groundball, 56)
Top of the 8th over - 0 run(s), 1 hit(s), 0 error(s), 2 left on base; Northern Virginia 3 - Grafton 3
BOTTOM OF THE 8TH
Grafton Middies batting - Pitching for Northern Virginia Retrievers : LHP Edison Larson
Now at 2B: David Martínez
Now at SS: Donald Thompson
Now in CF: Ramiro Salazar
Batting: RHB Pedro Santos 0-0: Ball
1-0: Ball
2-0: Called Strike
2-1: Ball
3-1: Base on Balls
Batting: RHB Wes Bradley 0-0: Ball
1-0: Ball
2-0: Bunt missed!
2-1: Ball
3-1: Sac Bunt - play at first, batter OUT! 1-4
Pedro Santos to second
Pitching: RHP Carlos Guzmán
Batting: RHB Nathan Boswell 0-0: Intentional Walk
Pitching: RHP Woody Cook
Pinch Hitting: RHB José Álvarez 0-0: Ball
1-0: Sac Bunt - play at first, batter OUT! 1-4
Pedro Santos to third
Nathan Boswell to second
Batting: SHB Curt Finley 0-0: Called Strike
0-1: Ball
1-1: Ball
2-1: Swinging Strike
2-2: Fly out, F7 (Flyball, 8LM)
Bottom of the 8th over - 0 run(s), 0 hit(s), 0 error(s), 2 left on base; Northern Virginia 3 - Grafton 3
TOP OF THE 9TH
Northern Virginia Retrievers batting - Pitching for Grafton Middies : RHP Frank Morse
Pitching: RHP Truman Valentine
Now in LF: José Álvarez
Batting: LHB Roberto Salazar 0-0: Ball
1-0: Ground out 4-3 (Groundball, 34)
Batting: LHB Chad Armstrong 0-0: Ball
1-0: Ball
2-0: Called Strike
2-1: Ball
3-1: Fly out, F5 (Popup, 5S)
Batting: RHB Teruo Nakayama 0-0: Ball
1-0: Ball
2-0: Called Strike
2-1: Ball
3-1: DOUBLE (Flyball, 8LD)
Batting: RHB Bob Heller 0-0: Ball
1-0: Ball
2-0: Called Strike
2-1: Ground out 5-3 (Groundball, 56)
Top of the 9th over - 0 run(s), 1 hit(s), 0 error(s), 1 left on base; Northern Virginia 3 - Grafton 3
BOTTOM OF THE 9TH
Grafton Middies batting - Pitching for Northern Virginia Retrievers : RHP Woody Cook
Batting: RHB Scotty Anderson 0-0: Ball
1-0: Ball
2-0: SINGLE (Line Drive, 6MD)
Batting: LHB Mario Ramos 0-0: Called Strike
0-1: Ball
1-1: Ball
2-1: Ball
3-1: Foul Ball, location: 2F
3-2: Foul Ball, location: 2F
3-2: Base on Balls
Scotty Anderson to second
Batting: RHB Stefano Gaddi 0-0: SINGLE (Groundball, 25) (infield hit)
Scotty Anderson to third
Mario Ramos to second
Batting: RHB Mark Davis 0-0: Foul Ball, location: 2F
0-1: Foul Ball, location: 2F
0-2: Fly out, F7 (Flyball, 8LS)
Runner from 3rd tags up, SCORES, no throw
This league is powered by Out of the Park Baseball, the baseball management simulation game for PC, Mac and Linux
Friday, July 8th, 2016 - OOTP Baseball 16.9 Build 39